 Dungeon Crawl Stone Soup version 0.27-a0-1140-g099f9bb0e8 (webtiles) character file.

Game seed: 380341810927760874

617 polve the Cutter (level 7, -5/78 HPs)
             Began as a Demonspawn Abyssal Knight on May 8, 2021.
             Was a Believer of Lugonu.
             Slain by an ogre
             ... wielding a +0 giant club
              (11 damage)
             ... on level 5 of the Dungeon.
             The game lasted 00:03:15 (2879 turns).

polve the Cutter (Demonspawn Abyssal Knight)        Turns: 2879, Time: 00:03:15

Health: -5/78      AC: 15    Str: 12 (14) XL:     7   Next: 21%
Magic:  7/7        EV: 11    Int: 12 (14) God:    Lugonu [**....]
Gold:   178        SH:  0    Dex:  9 (12) Spells: 6/6 levels left

rFire    . . .     SeeInvis .   a - +1 short sword
rCold    . . .     Faith    .   (no shield)
rNeg     . . .     Spirit   .   f - +0 acid dragon scales
rPois    .         Reflect  .   (no helmet)
rElec    .         Harm     .   (no cloak)
rCorr    +         Rampage  .   (no gloves)
Will     .....     Rnd*Rage +   g - +0 pair of boots Stlth ..........Rnd*Tele +
                                n - amulet of regeneration
HPRegen  1.23/turn              d - +4 ring of protection
MPRegen  0.10/turn              s - +4 ring of protection

@: mighty, berserking, hasted, very quick
A: hooves 1, powered by pain 1, sturdy frame 1, berserk 1, low mp 1,
teleportitis 1
a: Renounce Religion, Depart the Abyss, Bend Space


You were on level 5 of the Dungeon.
You worshipped Lugonu.
Lugonu was pleased with you.
You visited 1 branch of the dungeon, and saw 5 of its levels.
You visited the Abyss 1 time.

You collected 178 gold pieces.

Inventory:

Hand Weapons
 a - a +1 short sword (weapon)
Armour
 f - +0 acid dragon scales (worn)
 g - a +0 pair of boots (worn)
 q - a +0 cloak
Jewellery
 d - a +4 ring of protection (left hand)
 e - a ring of ice
 n - an amulet of regeneration (around neck)
 s - a +4 ring of protection (right hand)
Scrolls
 b - a scroll of blinking {unknown}
 c - 2 scrolls of identify {unknown}
 h - 2 scrolls of amnesia {unknown}
 i - a scroll of noise {unknown}
 j - 3 scrolls of teleportation {unknown}
 l - a scroll of fear {unknown}
 o - a scroll of fog {unknown}
 r - a scroll of silence {unknown}
Potions
 k - 2 potions of degeneration


   Skills:
 - Level 3.0 Fighting
 + Level 7.4 Short Blades
 - Level 1.7 Armour
 - Level 0.8 Dodging
 - Level 2.4 Invocations


You had 6 spell levels left.
You didn't know any spells.
Your spell library was empty.

Dungeon Overview and Level Annotations

Branches:
Dungeon (6/15)
 Temple: D:4-7

Altars:


Innate Abilities, Weirdness & Mutations

You have large cloven feet.
You sometimes gain a little power by taking damage.
Your movements are slightly less encumbered by armour. (ER -2)
You tend to lose your temper in combat.
Your magical capacity is low. (-10% MP)
You are occasionally teleported next to monsters.


Message History

There was something very wrong with that liquid.
You feel weakened.
You feel dopey.
You feel clumsy. The ogre misses you.
You hit the ogre.
The ogre is lightly wounded.
The ogre hits you with a +0 giant club!!
You closely miss the ogre.
The ogre is lightly wounded.
You hit the ogre.
The ogre is moderately wounded.
The ogre hits you with a +0 giant club.
You hit the ogre.
The ogre is heavily wounded.
You hit the ogre.
The ogre is heavily wounded.
The ogre hits you with a +0 giant club!
* * * LOW HITPOINT WARNING * * *
You feel yourself speed up. The ogre barely misses you.
You hit the ogre.
The ogre is heavily wounded.
You hit the ogre.
The ogre is heavily wounded.
You hit the ogre.
The ogre is severely wounded.
The ogre barely misses you.
You hit the ogre.
The ogre is severely wounded.
You hit the ogre.
The ogre is almost dead.
The ogre hits you with a +0 giant club!
* * * LOW HITPOINT WARNING * * *
You focus on the pain.
You feel very mighty all of a sudden.
It was a potion of berserk rage.
A red film seems to cover your vision as you go berserk!
You feel yourself moving faster!
You feel mighty!
You barely miss the ogre.
The ogre is almost dead.
The ogre hits you with a +0 giant club!
You die...

#.# #.........#..≈
#.# #.........#..≈
#)# #............≈
#># #######+#....#
#)# #.[..# #.#
#.#..# #.# #.#..≈
#.# ..#..≈ #@#
.#.#..≈ #O#
#...#.≈≈
##o###########.#.≈≈
#.....O..o.......≈≈
###########...88≈≈≈
#........ #........
##..88≈≈≈ ####≈≈≈≈


You could see an ogre and an orc priest.

Vanquished Creatures
  A water moccasin (D:6)
  A black bear (D:5)
  A necrophage (D:6)
  Blork the orc (D:6)
  2 jellies (D:3)
  A bullfrog skeleton (D:5)
  Natasha (D:2)
  2 orc wizards (D:5)
  3 adders
  A dart slug (D:2)
  9 orcs
  3 ball pythons
  2 endoplasms
  A giant cockroach (D:3)
  2 goblins (D:1)
  3 hobgoblins
  3 jackals (D:2)
  2 quokkas
  5 bats (D:2)
  3 frilled lizards (D:1)
  2 kobolds
  4 rats
53 creatures vanquished.

Vanquished Creatures (others)
  An orc wizard (D:5)
1 creature vanquished.

Grand Total: 54 creatures vanquished

Notes
Turn   | Place    | Note
-------+----------+-------------------------------------------
     0 | Abyss:1  | polve the Demonspawn Abyssal Knight began the quest for the
                  | Orb.
     0 | Abyss:1  | Reached XP level 1. HP: 18/18 MP: 2/2
    94 | Abyss:1  | Found a hazy altar of Hepliaklqana.
   114 | Abyss:1  | Noticed an orange demon
   136 | Abyss:2  | Noticed a small abomination
   153 | Abyss:3  | Found a corrupted altar of Lugonu.
   206 | Abyss:3  | Noticed a small abomination
   266 | Abyss:4  | Noticed a large abomination
   274 | Abyss:4  | Noticed a dread lich
   278 | Abyss:4  | Noticed an ettin skeleton
   285 | D:1      | Escaped the Abyss
   383 | D:1      | Reached skill level 2 in Short Blades
   413 | D:1      | Found a faded altar of an unknown god.
   602 | D:1      | Reached * piety under Lugonu
   987 | D:2      | Gained mutation: You sometimes gain a little power by
                  | taking damage. [demonic ancestry]
   987 | D:2      | Reached XP level 2. HP: 24/24 MP: 3/3
  1456 | D:2      | Reached skill level 3 in Short Blades
  1456 | D:2      | Gained mutation: Your movements are slightly less
                  | encumbered by armour. (ER -2) [demonic ancestry]
  1456 | D:2      | Reached XP level 3. HP: 15/29 MP: 4/4
  2116 | D:2      | Noticed Natasha
  2123 | D:2      | Killed Natasha
  2175 | D:3      | Reached skill level 4 in Short Blades
  2175 | D:3      | Gained mutation: You have large cloven feet. [demonic
                  | ancestry]
  2175 | D:3      | Reached XP level 4. HP: 35/35 MP: 5/5
  2433 | D:3      | Reached XP level 5. HP: 39/41 MP: 6/6
  2437 | D:3      | You fall into a shaft and drop 3 floors!
  2444 | D:6      | Noticed a necrophage
  2461 | D:6      | Killed a necrophage
  2462 | D:6      | Reached skill level 5 in Short Blades
  2498 | D:6      | Noticed a water moccasin
  2508 | D:6      | Killed a water moccasin
  2508 | D:6      | Reached ** piety under Lugonu
  2509 | D:6      | Reached skill level 6 in Short Blades
  2509 | D:6      | Reached XP level 6. HP: 46/47 MP: 7/7
  2517 | D:6      | Noticed Blork the orc
  2524 | D:6      | Killed Blork the orc
  2638 | D:5      | Entered Level 5 of the Dungeon
  2678 | D:5      | Gained mutation: You are occasionally teleported next to
                  | monsters. [potion of mutation]
  2678 | D:5      | Gained mutation: Your magical capacity is low. (-10% MP)
                  | [potion of mutation]
  2678 | D:5      | Gained mutation: You tend to lose your temper in combat.
                  | [potion of mutation]
  2744 | D:5      | Reached skill level 7 in Short Blades
  2744 | D:5      | Reached XP level 7. HP: 44/52 MP: 7/7
  2879 | D:5      | Slain by an ogre

Illustrated notes

Levels and vault maps discovered:
D:1:      dpeg_arrival_three_bigger_balls, layout_loops_ring,
          shapermc_ecumenical_altar_venn
D:2:      layout_loops_corners, chequers_serial_rivers_micro_a, uniq_natasha
D:3:      layout_loops_ring, dk_xom_monty_hall, serial_shops, shop
D:5:      wander_river, layout_basic, amcnicky_altar_gilded
D:6:      layout_basic, minmay_temple_entry_antechambers, minmay_diced_spiral,
          uniq_blork_the_orc

Skill      XL: |  1  2  3  4  5  6 |
---------------+-------------------+-----
Short Blades   | 2 3 4 6 7 |  7.4
Fighting       | |  3.0
Armour         | |  1.7
Dodging        | |  0.8
Invocations    | |  2.4

Action                   |  1- 3 |  4- 6 |  7- 9 || total
-------------------------+-------+-------+-------++-------
Melee: Short sword       |   107 |   134 |    31 ||   272
Invok: Depart the Abyss  |     1 |       |       ||     1
  Use: Potion            |       |     4 |     3 ||     7
 Stab: Sleeping          |     1 |       |       ||     1
Armor: Acid dragon scale |    51 |    33 |    10 ||    94
Dodge: Dodged            |    60 |    41 |    18 ||   119

Table legend: (Time is in decaauts)
 A = Elapsed time spent in this place.
 B = Non-inter-level travel time spent in this place.
 C = Inter-level travel time spent in this place.
 D = Time resting spent in this place.
 E = Time spent auto-exploring this place.
 F = Levels seen in this place.
 G = Mean time per level.
                   A        B        C        D        E       F      G
               +--------+--------+--------+--------+--------+-----+--------+
         Total |   2818 |   2788 |     30 |      0 |   2190 |   9 |  313.1 |
       Dungeon |   2532 |   2502 |     30 |      0 |   2001 |   5 |  506.4 |
         Abyss |    285 |    285 |      0 |      0 |    189 |   4 |   71.2 |
               +--------+--------+--------+--------+--------+-----+--------+

Top non-repeatable levels by time:
     D:2: 1156 daAuts
     D:1: 694 daAuts
     D:3: 288 daAuts
     D:6: 196 daAuts
     D:5: 196 daAuts
 Abyss:1: 129 daAuts
 Abyss:3: 70 daAuts
 Abyss:4: 61 daAuts
 Abyss:2: 24 daAuts
